 Dungeon Crawl Stone Soup version 0.25.0-9-g26727b657a (webtiles) character file.

Game seed: 2716971623549568960

1634311 Yolobob the Champion of Chaos (level 27, 132/159 HPs)
             Began as a Gargoyle Fighter on June 14, 2020.
             Was the Champion of Makhleb.
             Escaped with the Orb
             ... and 3 runes on June 17, 2020!
             The game lasted 08:31:28 (81330 turns).

Yolobob the Champion of Chaos (Gargoyle Fighter)   Turns: 81330, Time: 08:31:28

Health: 132/159    AC: 66    Str: 25    XL:     27
Magic:  32/32      EV:  7    Int: 14    God:    Makhleb [******]
Gold:   8066       SH: 30    Dex: 14    Spells: 26/26 levels left

rFire    + + +     SeeInvis .   i - +7 morningstar "Vogri" {elec, rPois rN+}
rCold    + + .     Gourm    .   a - +0 tower shield of Death's Door {rF+ rC- Int+4}
rNeg     + + +     Faith    .   b - +9 scales of the Dragon King {rPois rF+ rC+ MR+}
rPois    ∞         Spirit   .   W - +2 helmet
rElec    +         Reflect  +   O - +4 dragonskin cloak
rCorr    +         Harm     .   q - +1 pair of gloves {archery}
MR       ++++.                  P - +2 pair of boots {Stlth+}
Stlth    ..........             X - amulet of Ylugu {Reflect rC+ SH+5}
HPRegen  0.00/turn              g - ring "Xoc Zada" {MR+ Str+2 Int-3 Dex+6}
MPRegen  0.23/turn              v - ring "Anlirach" {rPois rC+ rN+ Int+5}

@: flying, studying Hexes
A: big wings, blurry vision 1, clumsy 2, deformed body, deterioration 2, dopey
2, frail 2, low mp 2, negative energy resistance 1, screaming 3, electricity
resistance, inhibited regeneration, weak 2, unbreathing, petrification
resistance, rot immunity, subdued magic 3, AC +20
0: Orb of Zot
}: 3/15 runes: serpentine, barnacled, silver
a: Stop Flying, Minor Destruction, Lesser Servant of Makhleb, Major Destruction,
Greater Servant of Makhleb, Renounce Religion


You escaped.
You worshipped Makhleb.
Makhleb was exalted by your worship.
You were full.

You visited 11 branches of the dungeon, and saw 51 of its levels.
You visited the Abyss 5 times.
You also visited: Wizlab.

You collected 9561 gold pieces.
You spent 1495 gold pieces at shops.

Inventory:

Hand Weapons
 i - the +7 morningstar "Vogri" (weapon) {elec, rPois rN+}
   (You acquired it on level 4 of the Abyss)

   Occasionally, upon striking a foe, it will discharge some electrical energy
   and cause terrible harm.
   It protects you from poison.
   It protects you from negative energy.
 H - the +7 sceptre of Torment {pain, torment}
   (You found it on level 5 of the Vaults)

   In the hands of one skilled in necromantic magic, it inflicts extra damage on
   living creatures.
Missiles
 h - 16 boomerangs of dispersal (quivered)
 r - 46 silver javelins
 E - 10 throwing nets
Armour
 a - the +0 tower shield of Death's Door (worn) {rF+ rC- Int+4}
   (You found it on level 13 of the Dungeon)

   It affects your intelligence (+4).
   It protects you from fire.
   It makes you vulnerable to cold.
 b - the +9 scales of the Dragon King (worn) {rPois rF+ rC+ MR+}
   (You found it on level 3 of the Elven Halls)

   It protects you from fire.
   It protects you from cold.
   It protects you from poison.
   It affects your resistance to hostile enchantments.
 q - a +1 pair of gloves of archery (worn)
 O - the +4 dragonskin cloak (worn)
   (You took it off Tiamat on level 1 of the Realm of Zot)
 P - a +2 pair of boots of stealth (worn)
 S - the +0 cloak "Nawoir" {+Inv rN+ Dex-4 Slay+3}
   (You found it in a wizard's laboratory)

   It affects your dexterity (-4).
   It affects your accuracy and damage with ranged weapons and melee attacks
   (+3).
   It protects you from negative energy.
   It lets you turn invisible.
 W - a +2 helmet (worn)
Jewellery
 g - the ring "Xoc Zada" (left hand) {MR+ Str+2 Int-3 Dex+6}
   (You took it off a vault warden on level 5 of the Vaults)

   [ring of protection from magic]

   It affects your strength (+2).
   It affects your intelligence (-3).
   It affects your dexterity (+6).
   It affects your resistance to hostile enchantments.
 p - an uncursed ring of resist corrosion
 v - the ring "Anlirach" (right hand) {rPois rC+ rN+ Int+5}
   (You found it on level 5 of the Vaults)

   [ring of positive energy]

   It affects your intelligence (+5).
   It protects you from cold.
   It protects you from poison.
   It protects you from negative energy.
 D - the ring "Xesch" {rC+ SInv}
   (You found it on level 3 of the Depths)

   [ring of protection from cold]

   It protects you from cold.
   It lets you see invisible.
 X - the amulet of Ylugu (around neck) {Reflect rC+ SH+5}
   (You found it on level 14 of the Dungeon)

   [amulet of reflection]

   It shields you and reflects attacks.
   It protects you from cold.
   It affects your SH (+5).
Wands
 C - a wand of enslavement (17)
 F - a wand of paralysis (26)
 I - a wand of clouds (10)
 K - a wand of acid (31)
 L - a wand of iceblast (28)
 M - a wand of polymorph (50)
 N - a wand of digging (5)
 Q - a wand of disintegration (19)
Scrolls
 k - 7 scrolls of magic mapping
 m - 25 scrolls of remove curse
 o - 8 scrolls of fog
 s - 13 scrolls of identify
 w - 6 scrolls of fear
 x - 27 scrolls of teleportation
 y - a scroll of enchant weapon
 B - a scroll of summoning
 J - a scroll of holy word
 Z - 4 scrolls of blinking
Potions
 d - 6 potions of might
 e - 9 potions of heal wounds
 j - 22 potions of curing
 l - 6 potions of haste
 n - 3 potions of cancellation
 A - 3 potions of resistance
 R - 5 potions of stabbing
 T - 5 potions of ambrosia
 U - 4 potions of invisibility
 V - a potion of berserk rage
Books
 t - a manual of Hexes
Miscellaneous
 c - a lightning rod (4/4)
 u - 3 phantom mirrors
 G - a phial of floods
 Y - 6 boxes of beasts
Comestibles
 f - 37 rations


   Skills:
 O Level 27 Fighting
 - Level 16.0 Maces & Flails
 - Level 25.0 Armour
 + Level 24.0 Shields
 O Level 27 Invocations
 - Level 4.5 Evocations


You had 26 spell levels left.
You didn't know any spells.
Your spell library contained the following spells:

 Spells                   Type           Power        Failure   Level  Hunger
 Beastly Appendage        Tmut           #.....       91%         1    ##.....
 Corona                   Hex            #......      91%         1    ##.....
 Foxfire                  Conj/Fire      #...         91%         1    ##.....
 Freeze                   Ice            #...         91%         1    ##.....
 Magic Dart               Conj           #...         91%         1    ##.....
 Sting                    Tmut/Pois      #...         91%         1    ##.....
 Summon Small Mammal      Summ           #...         91%         1    ##.....
 Blink                    Tloc           N/A          98%         2    ###....
 Call Imp                 Summ           #.......     98%         2    ###....
 Ensorcelled Hibernation  Hex/Ice        #.....       98%         2    ###....
 Passwall                 Tmut/Erth      #.......     98%         2    ###....
 Poisonous Vapours        Pois/Air       #.....       98%         2    ###....
 Searing Ray              Conj           #.....       98%         2    ###....
 Shroud of Golubria       Chrm/Tloc      #.....       98%         2    ###....
 Sticks to Snakes         Tmut           #.......     98%         2    ###....
 Swiftness                Chrm/Air       #.......     98%         2    ###....
 Call Canine Familiar     Summ           #.......     100%        3    ####...
 Confusing Touch          Hex            #.......     100%        3    ####...
 Conjure Flame            Conj/Fire      #.......     100%        3    ####...
 Dazzling Flash           Conj/Hex       #.....       100%        3    ####...
 Frozen Ramparts          Ice            #.....       100%        3    ####...
 Gell's Gravitas          Tloc           #.........   100%        3    ####...
 Ignite Poison            Fire/Tmut/Pois #.......     100%        3    ####...
 Inner Flame              Hex/Fire       #.......     100%        3    ####...
 Lesser Beckoning         Tloc           #.........   100%        3    ####...
 Mephitic Cloud           Conj/Pois/Air  #.......     100%        3    ####...
 Ozocubu's Armour         Chrm/Ice       #.......     100%        3    ####...
 Recall                   Summ/Tloc      N/A          100%        3    ####...
 Spider Form              Tmut/Pois      #.........   100%        3    ####...
 Static Discharge         Conj/Air       #.......     100%        3    ####...
 Summon Guardian Golem    Hex/Summ       #.......     100%        3    ####...
 Teleport Other           Tloc           #.......     100%        3    ####...
 Tukima's Dance           Hex            #.......     100%        3    ####...
 Cause Fear               Hex            #.........   100%        4    #####..
 Fulminant Prism          Conj/Hex       #.........   100%        4    #####..
 Hailstorm                Conj/Ice       #.......     100%        4    #####..
 Ice Form                 Ice/Tmut       #.......     100%        4    #####..
 Iskenderun's Mystic Bla  Conj/Tloc      #.......     100%        4    #####..
 Leda's Liquefaction      Hex/Erth       #.........   100%        4    #####..
 Olgreb's Toxic Radiance  Pois           #.......     100%        4    #####..
 Petrify                  Tmut/Erth      #.......     100%        4    #####..
 Sticky Flame             Conj/Fire      #.......     100%        4    #####..
 Summon Ice Beast         Ice/Summ       #.......     100%        4    #####..
 Summon Lightning Spire   Summ/Air       #.......     100%        4    #####..
 Alistair's Intoxication  Tmut/Pois      #.......     100%        5    ######.
 Aura of Abjuration       Summ           #.........   100%        5    ######.
 Blade Hands              Tmut           #.........   100%        5    ######.
 Bolt of Magma            Conj/Fire/Erth #.........   100%        5    ######.
 Borgnjor's Vile Clutch   Necr/Erth      #.........   100%        5    ######.
 Fireball                 Conj/Fire      #.........   100%        5    ######.
 Irradiate                Conj/Tmut      #.........   100%        5    ######.
 Lee's Rapid Deconstruct  Erth           #.........   100%        5    ######.
 Metabolic Englaciation   Hex/Ice        #.........   100%        5    ######.
 Silence                  Hex/Air        #.........   100%        5    ######.
 Summon Demon             Summ           #.........   100%        5    ######.
 Summon Forest            Summ/Tloc      #.........   100%        5    ######.
 Summon Mana Viper        Hex/Summ       #.......     100%        5    ######.
 Yara's Violent Unravell  Hex/Tmut       #.........   100%        5    ######.
 Conjure Ball Lightning   Conj/Air       #.........   100%        6    #######
 Darkness                 Hex            #.........   100%        6    #######
 Dispersal                Tloc           #.........   100%        6    #######
 Eringya's Noxious Bog    Tmut/Pois      #.........   100%        6    #######
 Hydra Form               Tmut           #.........   100%        6    #######
 Invisibility             Hex            #.......     100%        6    #######
 Iron Shot                Conj/Erth      #.........   100%        6    #######
 Shadow Creatures         Summ           N/A          100%        6    #######
 Dragon Form              Tmut           #.........   100%        7    #######
 Haunt                    Necr/Summ      #.........   100%        7    #######
 Malign Gateway           Summ/Tloc      #.........   100%        7    #######
 Orb of Destruction       Conj           #.........   100%        7    #######
 Borgnjor's Revivificati  Necr           #.........   100%        8    #######
 Controlled Blink         Tloc           N/A          100%        8    #######
 Death's Door             Chrm/Necr      #.........   100%        8    #######
 Infestation              Necr           #.........   100%        8    #######
 Necromutation            Tmut/Necr      #.........   100%        8    #######
 Shatter                  Erth           #.........   100%        9    #######
 Tornado                  Air            #.........   100%        9    #######
 Sublimation of Blood     Necr           Unusable     N/A         2    N/A
 Passage of Golubria      Tloc           Unusable     N/A         4    N/A
 Statue Form              Tmut/Erth      Unusable     N/A         6    N/A

Dungeon Overview and Level Annotations

Branches:
Dungeon (15/15)            Temple (1/1) D:4            Lair (6/6) D:8
 Shoals (4/4) Lair:4        Snake (4/4) Lair:2        Slime (1/5) Lair:5
    Orc (2/2) D:9             Elf (3/3) Orc:2        Vaults (5/5) D:13
  Crypt (0/3) Vaults:3     Depths (5/5) D:15            Zot (5/5) Depths:5
 WizLab (visited)

Altars:
Ashenzari
Cheibriados
Dithmenos
Elyvilon
Fedhas
Gozag
Hepliaklqana
Kikubaaqudgha
Makhleb
Nemelex Xobeh
Okawaru
Qazlal
Ru
Sif Muna
Trog
Uskayaw
Vehumet
Wu Jian
Xom
Yredelemnul
Zin
The Shining One
Beogh
Lugonu

Shops:
D:4 [   D:9 [   D:12 !   Orc:2 !}(!   Elf:1 =   Elf:2 }   Shoals:2 =[*
Snake:1 [[   Snake:3 *   Snake:4 *   Vaults:2 (   Vaults:4 *   Depths:3 :

Portals:
Hell: Depths:1 Depths:2 Depths:3 Depths:4 Depths:5
Abyss: Depths:1 Depths:4 Depths:5
Pandemonium: Depths:3
Ziggurat: Depths:2
Trove: D:12 (give 12 potions of heal wounds)

Annotations:
Depths:1 1 runed translucent door
Depths:2 2 runed translucent doors
Zot:5 1 exclusion


Innate Abilities, Weirdness & Mutations

You are resistant to torment.
Your stone body is resilient. (AC +20)
You are immune to poison.
Your large and strong wings let you fly indefinitely.
You resist negative energy. (rN+)
You are resistant to electric shocks. (rElec)
You can survive without breathing.
You are immune to petrification.
You are immune to rotting.
Scrolls take you a little longer to read.
You are very clumsy. (Dex -4)
Armour fits poorly on your strangely shaped body.
Your body often deteriorates upon taking damage.
You are very dopey. (Int -4)
You are very frail. (-20% HP)
Your magical capacity is very low. (-20% MP)
You frequently scream uncontrollably at your foes.
You do not regenerate when monsters are visible.
You are very weak. (Str -4)
Your spells are much easier to cast, but much less powerful.


Message History

You flatten the sixfirhy like a pancake!!!
You kill the sixfirhy!
Makhleb accepts your kill.
You feel better.
Your Shields skill increases to level 24!
You start waiting.
Something unseen opens the gate.
A Tzitzimitl comes into view.
Fitzot comes into view. It is armed with an electric touch.
Press: ? - help, v - describe, . - travel
Here: Fitzot, armed with an electric touch An open gate.
There are monsters nearby!
Press: ? - help, v - describe, . - travel
Here: Fitzot, armed with an electric touch An open gate.
The Tzitzimitl calls on the powers of darkness!
Your body is wracked with pain!
There is a staircase leading out of the dungeon here.
You have escaped!

#.# #.#.###.#........#######.
#.# #.#.# ############ #. ###.#
#.#.# #..### #. #...#
#.#.####....### #.
#.######......#......### #.
#...........#.#........### #.
#########...#.#..≈≈......######.
#####.#..≈≈≈≈.......'.#.
#.#@2≈≈≈&≈≈.....'...
#######.#..≈≈≈≈1......'...
#.....#.#..≈≈......######)
#.......#........### #.
#.....###......### #. #.....#
#....### #. #.....# #..### #.
#.....# #### #. ####### ####.


You could see Fitzot, a Tzitzimitl and a friendly blizzard demon (summoned).

Vanquished Creatures
  8 ancient liches
  Tiamat (Zot:1)
  5 orbs of fire (Zot:4)
  Mennas (Depths:4)
  3 Killer Klowns (Zot:5)
  A curse toe (Zot:4)
  Nikola (Depths:1)
  7 golden dragons
  A profane servitor (Abyss:3)
  A bone dragon (Abyss:1)
  4 electric golems
  A Tzitzimitl (D:3)
  7 liches
  5 tentacled monstrosities
  Jorgrun (Elf:1)
  4 deep elf master archers (Elf:3)
  28 Orb Guardians
  Asterion (Vaults:1)
  9 quicksilver dragons
  A kraken (Shoals:1)
  6 death cobs
  4 titans
  An acid blob (Slime:1)
  3 deep elf blademasters
  13 tentacled starspawn
  An eldritch tentacle (WizLab)
  Frances (Snake:2)
  An Executioner (Zot:3)
  17 storm dragons
  9 sphinxes
  7 tengu reavers
  The ghost of Amuaxidi the Fencer, an adept FoCK of Xom (Shoals:1)
  Donald (Shoals:1)
  6 shadow dragons
  4 nagarajas (Snake:4)
  A revenant (Abyss:3)
  Roxanne (Shoals:1)
  4 draconian monks
  12 fire giants
  A ghost moth (shapeshifter) (Vaults:4)
  11 deep elf sorcerers
  4 draconian knights
  2 balrugs
  15 vault wardens
  3 ghost moths
  5 orc warlords
  Aizul (Vaults:3)
  2 ghouls
  14 frost giants
  2 iron dragons
  2 draconian stormcallers
  3 deep elf elementalists
  5 draconian scorchers
  3 draconian shifters
  17 ironheart preservers
  A cacodemon (Abyss:1)
  5 spriggan defenders
  37 very ugly things
  An angel (Abyss:4)
  An entropy weaver (shapeshifter) (Vaults:5)
  5 draconian annihilators
  35 stone giants
  3 war gargoyles
  3 spark wasps
  10 red draconians
  6 deep elf demonologists
  6 black draconians
  6 green draconians
  4 vampire knights
  5 purple draconians
  The ghost of Kokhlaf the Eclecticist, a journeyman DECj of Kikubaaqudgha (D:13)
  9 yellow draconians
  12 white draconians
  15 ettins
  3 deep elf annihilators (Elf:3)
  Snorg (Lair:5)
  11 deep elf death magi
  A crystal guardian (Vaults:4)
  7 merfolk javelineers
  7 merfolk impalers
  20 yaktaur captains
  A jiangshi (Vaults:3)
  Erolcha (Orc:2)
  Josephine (Lair:6)
  Harold (D:7)
  11 great orbs of eyes
  14 fire dragons
  5 deep elf high priests
  38 vault guards
  9 naga warriors
  13 ice dragons
  3 hydras
  7 rakshasas
  2 merfolk avatars
  3 spriggan air magi
  An alligator snapping turtle (Shoals:1)
  10 centaur warriors
  An alligator snapping turtle (shapeshifter) (Vaults:5)
  3 death knights
  8 anacondas
  A two-headed ogre (shapeshifter) (Vaults:5)
  24 dancing weapons
  60 two-headed ogres
  7 merfolk aquamancers
  3 satyrs
  4 hell hogs (Zot:2)
  7 tengu warriors
  12 thrashing horrors
  13 deep troll earth magi
  7 deep troll shamans
  9 spriggan berserkers
  Urug (D:10)
  18 naga sharpshooters
  21 ogre magi
  A vampire mage (Depths:4)
  13 wretched stars
  2 shock serpents (Snake:4)
  9 hell knights
  6 sun demons
  26 deep elf knights
  3 shadow wraiths
  5 salamander mystics
  4 sixfirhies
  3 spatial maelstroms
  4 unseen horrors
  6 iron trolls
  12 skeletal warriors
  A quicksilver dragon simulacrum (Depths:1)
  A sea snake (shapeshifter) (Abyss:4)
  A deep troll (shapeshifter) (Depths:3)
  7 flayed ghosts
  5 naga ritualists
  15 sea snakes
  21 deep trolls
  A death drake (Abyss:1)
  6 glowing orange brains
  A golden dragon zombie (Depths:1)
  6 phantasmal warriors
  11 deep elf archers
  A harpy (shapeshifter) (Vaults:4)
  6 wizards
  A swamp dragon (shapeshifter) (Vaults:5)
  19 harpies
  An obsidian statue (WizLab)
  Pikel (D:6)
  6 necromancers
  4 wolf spiders
  18 ironbrand convokers
  24 orc knights
  An iron dragon zombie (Abyss:3)
  50 ugly things
  A tengu skeleton (Depths:1)
  8 orc sorcerers
  55 deep elf magi
  11 mana vipers
  20 manticores
  A shining eye (shapeshifter) (Depths:1)
  An oklob plant (Lair:1)
  15 salamanders
  A faun (shapeshifter) (Abyss:1)
  A shining eye (Slime:1)
  A frost giant zombie (Depths:1)
  11 cyclopes
  A salamander (shapeshifter) (Depths:1)
  25 moths of wrath
  2 iron dragon skeletons (Depths:2)
  A human skeleton (WizLab)
  9 worldbinders
  5 elephants (Lair:2)
  8 fauns
  A guardian serpent (shapeshifter) (Abyss:3)
  An elf zombie (Depths:1)
  5 water nymphs
  9 merfolk sirens
  An eye of devastation (Slime:1)
  10 smoke demons
  4 orange demons
  3 centaur zombies
  26 naga magi
  18 vault sentinels
  3 guardian serpents
  10 spiny frogs
  A water nymph (shapeshifter) (Abyss:1)
  A hellion (Abyss:3)
  2 eyes of devastation (shapeshifter)
  24 black mambas
  A catoblepas zombie (Abyss:1)
  A yaktaur zombie (Depths:1)
  Maggie (D:5)
  50 yaktaurs
  5 kobold demonologists
  4 efreet
  A gargoyle (D:13)
  8 freezing wraiths
  A yaktaur (shapeshifter) (Vaults:1)
  An ice devil (WizLab)
  2 demonic crawlers
  A komodo dragon (shapeshifter) (Elf:3)
  12 komodo dragons
  5 hellwings
  The ghost of nikku the Magician, a novice DECj of Vehumet (D:4)
  A tormentor (D:4)
  12 ancient zymes
  6 trolls
  7 polar bears
  2 queen bees (shapeshifter)
  A yaktaur skeleton (Depths:1)
  11 tengu conjurers
  19 merfolk
  A troll (shapeshifter) (Vaults:1)
  12 hornets
  2 wind drakes
  3 tyrant leeches (D:13)
  12 blink frogs
  7 snapping turtles
  14 raiju
  54 slime creatures
  A wind drake (shapeshifter) (Depths:5)
  A dream sheep (shapeshifter) (Depths:4)
  A fire dragon zombie (Depths:1)
  11 dream sheep
  35 large abominations
  2 spriggan zombies (Depths:1)
  17 hippogriffs
  A deep troll skeleton (Depths:1)
  A redback (D:9)
  8 flying skulls
  A redback (shapeshifter) (Depths:3)
  An ice dragon skeleton (Depths:1)
  18 water elementals
  A yak (shapeshifter) (Elf:1)
  17 spriggans
  2 air elementals
  8 ynoxinuls
  2 fire elementals
  68 yaks
  2 vampires (D:13)
  7 wraiths
  A fire bat (shapeshifter) (Abyss:1)
  A hog (shapeshifter) (Vaults:5)
  A human (shapeshifter) (Vaults:4)
  2 wyverns
  6 basilisks
  6 chaos spawn
  3 hungry ghosts
  13 golden eyes
  5 neqoxecs
  A vampire mosquito (D:13)
  40 nagas
  8 wargs
  2 insubstantial wisps
  2 acid dragons
  4 soldier ants
  A spatial vortex (WizLab)
  11 water moccasins
  2 floating eyes
  7 porcupines
  A water moccasin (shapeshifter) (D:9)
  27 orc warriors
  2 hornet zombies
  An ice dragon simulacrum (Depths:1)
  A spriggan simulacrum (Depths:1)
  2 ice beasts
  A necrophage (D:11)
  6 phantoms
  4 black bears
  27 centaurs
  8 sky beasts
  42 ogres
  20 wolves
  4 eyes of draining
  24 boggarts
  A centaur (shapeshifter) (Depths:4)
  9 crocodiles
  23 small abominations
  6 big kobolds
  16 bullfrogs
  3 earth elementals
  A gnoll sergeant (D:9)
  A wyvern zombie (D:6)
  A tengu simulacrum (Depths:2)
  2 wyvern skeletons
  4 scorpions
  3 troll zombies (D:9)
  16 wights
  13 killer bees
  5 howler monkeys
  41 starcursed masses
  7 crimson imps
  6 quasits
  Crazy Yiuf (D:7)
  11 jellies
  2 bullfrog skeletons (D:5)
  5 centaur skeletons
  7 hounds
  25 orc priests
  32 orc wizards
  4 iguanas
  Natasha (thrice) (D:3)
  Terence (D:3)
  11 worker ants
  3 ogre zombies (D:9)
  A hound zombie (D:9)
  4 hound skeletons
  3 worker ant zombies
  10 gnolls
  15 adders
  A howler monkey skeleton (D:10)
  4 shadow imps
  2 white imps
  2 ufetubi
  3 oozes
  3 worms
  3 dart slugs
  3 leopard geckos
  83 orcs
  4 ball pythons
  6 bats
  4 giant cockroaches
  10 goblins
  6 hobgoblins
  14 jackals
  23 kobolds
  7 quokkas
  3 frilled lizards (D:2)
  2 goblin skeletons (D:9)
  2 hobgoblin zombies (D:9)
  A leopard gecko zombie (D:7)
  3 orc skeletons (D:9)
  12 orc zombies (D:9)
  A quokka skeleton (D:6)
  A quokka zombie (D:8)
  4 rats
  A butterfly (Lair:6)
  2 lurking horrors
  5 plants
  12 starspawn tentacles
  5 tentacles (Shoals:1)
2682 creatures vanquished.

Vanquished Creatures (collateral kills)
  An Orb Guardian (Zot:5)
  A tentacled starspawn (Abyss:3)
  A merfolk javelineer (Shoals:3)
  A rakshasa (Abyss:3)
  A large abomination (Abyss:3)
  A manticore (Shoals:3)
  A salamander (Abyss:3)
  A water nymph (Shoals:3)
  An orange demon (Zot:2)
  A demonic crawler (Abyss:3)
  2 merfolk (Shoals:3)
  A raiju (Abyss:3)
  A hippogriff (Shoals:3)
  A ynoxinul (Abyss:3)
  A naga (Abyss:3)
  8 starcursed masses (Abyss:3)
24 creatures vanquished.

Vanquished Creatures (others)
  A draconian knight (Zot:5)
  A ghost moth (Zot:5)
  A draconian annihilator (Zot:3)
  A merfolk aquamancer (Shoals:4)
  A deep troll shaman (Vaults:5)
  A shadow wraith (Vaults:5)
  A glowing orange brain (Depths:1)
  A wizard (Depths:1)
  A manticore (Shoals:3)
  A naga mage (Snake:4)
  3 starcursed masses (Abyss:3)
  2 water elementals (Shoals:3)
  2 golden eyes (Abyss:3)
  3 small abominations
  A spatial vortex (WizLab)
  2 ogres
  2 boggarts
  A quasit (Abyss:1)
  An orc wizard (Orc:2)
  4 orcs
  10 fungi
  5 lurking horrors
  17 plants
  32 starspawn tentacles
  33 tentacles (Shoals:1)
128 creatures vanquished.

Grand Total: 2834 creatures vanquished

Notes
Turn   | Place    | Note
-------+----------+-------------------------------------------
     0 | D:1      | Yolobob the Gargoyle Fighter began the quest for the Orb.
     0 | D:1      | Reached XP level 1. HP: 14/14 MP: 1/1
    73 | D:1      | Reached XP level 2. HP: 18/19 MP: 2/2
   472 | D:1      | Reached XP level 3. HP: 23/23 MP: 3/3
  1070 | D:2      | Reached XP level 4. HP: 29/29 MP: 4/4
  1966 | D:3      | Noticed Natasha
  1981 | D:3      | Killed Natasha
  2163 | D:3      | Noticed Terence
  2177 | D:3      | Killed Terence
  2177 | D:3      | Reached XP level 5. HP: 33/33 MP: 5/5
  2394 | D:3      | Noticed Natasha
  2407 | D:3      | Killed Natasha
  2474 | D:3      | Noticed Natasha
  2481 | D:3      | Killed Natasha
  2989 | D:3      | Found a shattered altar of Ashenzari.
  3307 | D:4      | Found a runed translucent door.
  3310 | D:4      | Noticed nikku's ghost (novice DECj)
  3726 | D:4      | Found a staircase to the Ecumenical Temple.
  3771 | D:4      | Reached skill level 5 in Armour
  3771 | D:4      | Reached XP level 6. HP: 35/39 MP: 6/6
  3781 | Temple   | Entered the Ecumenical Temple
  3872 | Temple   | Became a worshipper of Makhleb the Destroyer
  4113 | D:4      | Found a white marble altar of Elyvilon.
  4230 | D:4      | Found Fyneleic's Armour Shoppe.
  4408 | D:5      | Entered Level 5 of the Dungeon
  4711 | D:5      | Reached XP level 7. HP: 41/44 MP: 7/7
  4801 | D:5      | Reached skill level 5 in Maces & Flails
  4848 | D:5      | Found a sacrificial altar of Ru.
  4899 | D:5      | Reached skill level 5 in Fighting
  5889 | D:6      | Reached XP level 8. HP: 47/50 MP: 8/8
  5969 | D:6      | Noticed Maggie
  6118 | D:5      | Killed Maggie
  6471 | D:6      | Reached * piety under Makhleb
  6796 | D:6      | Noticed Pikel
  6814 | D:6      | Killed Pikel
  6814 | D:6      | Reached XP level 9. HP: 57/57 MP: 9/9
  7731 | D:7      | Noticed Harold
  7754 | D:7      | Killed Harold
  7754 | D:7      | Reached XP level 10. HP: 50/65 MP: 10/10
  7857 | D:7      | Found a runed translucent door.
  7858 | D:7      | Noticed Crazy Yiuf
  8060 | D:7      | Killed Crazy Yiuf
  8167 | D:8      | Found a staircase to the Lair.
  8245 | D:8      | Reached skill level 10 in Armour
  8255 | D:8      | Reached skill level 1 in Invocations
  8469 | D:8      | Found a shimmering blue altar of Sif Muna.
  8517 | D:8      | Noticed a centaur warrior
  8534 | D:8      | Killed a centaur warrior
  8545 | D:8      | Reached ** piety under Makhleb
  8560 | D:8      | Reached skill level 10 in Maces & Flails
  9165 | D:8      | Reached skill level 10 in Fighting
  9550 | D:9      | Reached XP level 11. HP: 58/72 MP: 13/13
  9937 | D:9      | Reached *** piety under Makhleb
 10017 | D:9      | Found a staircase to the Orcish Mines.
 10328 | D:9      | Found a runed translucent door.
 10328 | D:9      | Noticed a wolf spider
 10328 | D:9      | Noticed a fire dragon
 10329 | D:9      | Found the +10 zealot's sword {holy, *Rage rN+ EV+3}
 10329 | D:9      | Noticed a wolf spider
 10330 | D:9      | Identified the cursed +3 falchion "Miashraph" {antimagic,
                  | rN+ Stlth+}
 10330 | D:9      | Noticed a deep elf archer
 10330 | D:9      | Noticed a deep elf knight
 10330 | D:9      | Noticed a stone giant
 10517 | D:9      | Found Eliagemi's Armour Emporium.
 10902 | D:4      | Reached **** piety under Makhleb
 10911 | D:4      | Killed nikku's ghost
 11069 | D:10     | Entered Level 10 of the Dungeon
 11537 | D:10     | Noticed Urug
 11571 | D:10     | Killed Urug
 11734 | D:10     | Reached skill level 5 in Shields
 11983 | Lair:1   | Entered Level 1 of the Lair of Beasts
 11996 | Lair:1   | Reached skill level 5 in Invocations
 12229 | Lair:1   | Noticed an oklob plant
 13324 | Lair:2   | Got a glittering amethyst amulet
 13476 | Lair:2   | Reached XP level 12. HP: 80/80 MP: 16/16
 13539 | Lair:2   | Reached ***** piety under Makhleb
 13576 | Lair:2   | Found a staircase to the Snake Pit.
 13691 | Lair:2   | Reached skill level 1 in Evocations
 14918 | Lair:3   | Identified the amulet "Haezocir" {Spirit Int+4} (You found
                  | it on level 2 of the Lair of Beasts)
 15457 | Lair:3   | Identified a scroll of acquirement
 16110 | Lair:4   | Found a staircase to the Shoals.
 16215 | Lair:4   | Reached XP level 13. HP: 79/87 MP: 17/19
 16569 | Lair:5   | Noticed Snorg
 16592 | Lair:5   | Killed Snorg
 16935 | Lair:5   | Found a staircase to the Slime Pits.
 16968 | Lair:5   | Got a glimmering flail
 16978 | Lair:5   | Identified the +4 flail of Lalo {venom, +Blink rF++ Str-4}
                  | (You found it on level 5 of the Lair of Beasts)
 17531 | Lair:6   | Entered Level 6 of the Lair of Beasts
 18089 | Lair:6   | Reached skill level 10 in Invocations
 18090 | Lair:6   | Upgraded the game from 0.25.0-1-g7eea58d2a3 to
                  | 0.25.0-3-gd7cc5688da
 18585 | Lair:6   | Noticed Josephine
 18600 | Lair:6   | Killed Josephine
 18821 | Lair:6   | Gained mutation: Your large and strong wings let you fly
                  | indefinitely. [Gargoyle growth]
 18821 | Lair:6   | Reached XP level 14. HP: 94/94 MP: 19/21
 20312 | D:12     | Found Cija's Distillery.
 20337 | D:12     | Reached ****** piety under Makhleb
 20669 | D:12     | Found a portal to a secret trove of treasure.
 21354 | D:13     | Found a gate to the Vaults.
 21422 | D:13     | Reached skill level 15 in Fighting
 21835 | D:13     | Found a runed translucent gate.
 21836 | D:13     | Found a runed translucent gate.
 21837 | D:13     | Found a runed translucent gate.
 21838 | D:13     | Noticed Kokhlaf's ghost (journeyman DECj)
 21913 | D:13     | Reached XP level 15. HP: 103/103 MP: 23/23
 22228 | D:13     | Found the +12 Vampire's Tooth {vamp}
 22257 | D:13     | Got a steaming tower shield
 22258 | D:13     | Identified the +0 tower shield of Death's Door {rF+ rC-
                  | Int+4} (You found it on level 13 of the Dungeon)
 22711 | D:14     | Found a shadowy altar of Dithmenos.
 23046 | D:14     | Got a flickering ruby amulet
 23050 | D:14     | Identified the amulet of Ylugu {Reflect rC+ SH+5} (You
                  | found it on level 14 of the Dungeon)
 23622 | D:15     | Entered Level 15 of the Dungeon
 24279 | D:15     | Found a staircase to the Depths.
 24489 | D:15     | Found a snail-covered altar of Cheibriados.
 24983 | Orc:1    | Entered Level 1 of the Orcish Mines
 25235 | Orc:2    | Entered Level 2 of the Orcish Mines
 25486 | Orc:2    | Found an ancient bone altar of Kikubaaqudgha.
 25494 | Orc:2    | Reached XP level 16. HP: 111/111 MP: 26/26
 25561 | Orc:2    | Found Uwagut's Gadget Boutique.
 25570 | Orc:2    | Noticed Erolcha
 25578 | Orc:2    | Killed Erolcha
 25590 | Orc:2    | Found a radiant altar of Vehumet.
 25662 | Orc:2    | Found a roughly hewn altar of Beogh.
 25662 | Orc:2    | Found Oliwu's Distillery.
 25802 | Orc:2    | Reached skill level 15 in Invocations
 25820 | Orc:2    | Found Plog's Antique Weapon Shop.
 25909 | Orc:2    | Found Soudwuz's Distillery.
 26225 | Orc:2    | Found a staircase to the Elven Halls.
 26702 | Snake:1  | Entered Level 1 of the Snake Pit
 27075 | Snake:1  | Found Xuntyvaq's Antique Armour Emporium.
 27091 | Snake:1  | Bought a scorched cloak for 209 gold pieces
 27091 | Snake:1  | Bought a pair of embroidered boots for 165 gold pieces
 27316 | Snake:1  | Identified the +0 cloak "Loseoso" {-Cast Str+7} (You bought
                  | it in a shop on level 1 of the Snake Pit)
 27461 | Snake:1  | Found Nijaamew's Armour Boutique.
 28494 | Snake:2  | Reached skill level 15 in Armour
 28862 | Snake:2  | Noticed Frances
 28881 | Snake:2  | Killed Frances
 28887 | Snake:2  | Reached skill level 10 in Shields
 29488 | Snake:3  | Found Naoseqiec's General Store.
 29969 | Snake:4  | Entered Level 4 of the Snake Pit
 29970 | Snake:4  | Found Ifecvi's General Store.
 29994 | Snake:4  | Reached XP level 17. HP: 117/117 MP: 28/28
 31543 | Snake:4  | Got a serpentine rune of Zot
 31838 | Shoals:1 | Entered Level 1 of the Shoals
 31846 | Lair:4   | Upgraded the game from 0.25.0-3-gd7cc5688da to
                  | 0.25.0-9-g26727b657a
 31895 | Shoals:1 | Found a transporter.
 31898 | Shoals:1 | Found a transporter.
 31898 | Shoals:1 | Noticed Amuaxidi's ghost (adept FoCK)
 31981 | Shoals:1 | Noticed Donald
 32013 | Shoals:1 | Killed Donald
 32095 | Shoals:1 | Noticed a kraken
 32417 | Shoals:1 | Noticed Roxanne
 32471 | Shoals:1 | Killed Roxanne
 33220 | Shoals:2 | Reached XP level 18. HP: 120/124 MP: 29/29
 33561 | Shoals:2 | Found Ibetsipt's Jewellery Emporium.
 33566 | Shoals:2 | Found Toekap's Antique Armour Boutique.
 33593 | Shoals:2 | Bought a glowing plate armour for 754 gold pieces
 33593 | Shoals:2 | Bought a pair of embroidered gloves for 217 gold pieces
 33677 | Shoals:2 | Found Kudonnoa's General Store.
 34566 | Shoals:3 | Cast into level 3 of the Abyss (merfolk impaler)
 34838 | Abyss:3  | Paralysed by accursed screaming for 1 turns
 34853 | Abyss:3  | Paralysed by accursed screaming for 1 turns
 34857 | Abyss:3  | Paralysed by accursed screaming for 1 turns
 35029 | Abyss:3  | Noticed a bone dragon
 35108 | Abyss:3  | Noticed a lich
 35128 | Abyss:3  | Killed a lich
 35130 | Shoals:3 | Escaped the Abyss
 36164 | Vaults:1 | Entered Level 1 of the Vaults
 37609 | Vaults:1 | Noticed Asterion
 37630 | Vaults:1 | Killed Asterion
 38094 | Vaults:1 | Reached XP level 19. HP: 131/131 MP: 31/31
 38863 | Vaults:2 | Found Girerecs's Weapon Shoppe.
 38865 | Vaults:2 | Found a magical portal.
 38921 | WizLab   | Entered The Roulette of Golubria
 38921 | WizLab   | Found a transporter.
 38926 | WizLab   | Found a corrupted altar of Lugonu.
 39016 | WizLab   | Found a corrupted altar of Lugonu.
 39020 | WizLab   | Found a transporter.
 39060 | WizLab   | Found a transporter.
 39091 | WizLab   | Found a transporter.
 39173 | WizLab   | Found a corrupted altar of Lugonu.
 39174 | WizLab   | Found a transporter.
 39201 | WizLab   | Found a transporter.
 39225 | WizLab   | Found a transporter.
 39231 | WizLab   | Found a transporter.
 39283 | WizLab   | Found a transporter.
 39304 | WizLab   | Found a transporter.
 39390 | WizLab   | Found a transporter.
 39482 | WizLab   | Found a transporter.
 39498 | WizLab   | Found a transporter.
 39590 | WizLab   | Got a vibrating silver ring
 39592 | WizLab   | Identified the ring of Deel Jon {rElec Str+6} (You found it
                  | in a wizard's laboratory)
 39627 | WizLab   | Got a shimmering cloak
 39642 | WizLab   | Identified the +2 cloak of the Armadillo {Str+4} (You found
                  | it in a wizard's laboratory)
 39643 | WizLab   | Got a dazzling cloak
 39654 | WizLab   | Identified the +0 cloak "Nawoir" {+Inv rN+ Dex-4 Slay+3}
                  | (You found it in a wizard's laboratory)
 39658 | WizLab   | Got a steaming cloak
 39669 | WizLab   | Identified the +1 cloak of Fun and Games {+Inv +Fly Regen+
                  | Str-4} (You found it in a wizard's laboratory)
 39738 | WizLab   | Found a transporter.
 39824 | WizLab   | Found a transporter.
 39824 | WizLab   | Found a transporter.
 39884 | WizLab   | Identified Golubria's Papyrus of Dislocation
 39907 | WizLab   | Found a transporter.
 39907 | WizLab   | Found a transporter.
 39976 | WizLab   | Found a transporter.
 39976 | WizLab   | Found a transporter.
 40194 | WizLab   | Cast into level 1 of the Abyss (boggart)
 40211 | Abyss:1  | Paralysed by accursed screaming for 1 turns
 40261 | Abyss:1  | Gained mutation: Your spells are a little easier to cast,
                  | but a little less powerful. [a cacodemon]
 40279 | Abyss:1  | Noticed a bone dragon
 40283 | Abyss:1  | Found a corrupted altar of Lugonu.
 40295 | WizLab   | Escaped the Abyss
 40300 | WizLab   | Reached skill level 15 in Shields
 42647 | Shoals:4 | Entered Level 4 of the Shoals
 42966 | Shoals:4 | Reached XP level 20. HP: 133/137 MP: 33/33
 43319 | Shoals:4 | Identified the cursed +1 trident of Disembowelment {freeze,
                  | rPois Int+7 Stlth-}
 43676 | Shoals:4 | Cast into level 3 of the Abyss (merfolk impaler)
 43936 | Abyss:3  | Noticed a hellephant
 44111 | Abyss:3  | Noticed a profane servitor
 44157 | Abyss:3  | Killed a profane servitor
 44446 | Abyss:3  | Noticed a profane servitor
 44527 | Abyss:4  | Found a corrupted altar of Lugonu.
 44576 | Abyss:4  | Found a corrupted altar of Lugonu.
 44639 | Abyss:4  | Found a corrupted altar of Lugonu.
 45169 | Abyss:4  | Noticed a Brimstone Fiend
 45338 | Abyss:4  | Got the +7 morningstar "Vogri" {elec, rPois rN+}
 45360 | Shoals:4 | Escaped the Abyss
 45401 | Shoals:4 | Cast into level 3 of the Abyss (merfolk impaler)
 45439 | Abyss:3  | Paralysed by accursed screaming for 1 turns
 45534 | Abyss:3  | HP: 4/139 [hell knight/bolt of fire (30)]
 46147 | Abyss:3  | Gained mutation: Your body sometimes deteriorates upon
                  | taking damage. [a neqoxec]
 46221 | Abyss:3  | Paralysed by accursed screaming for 2 turns
 46256 | Shoals:4 | Escaped the Abyss
 46282 | Shoals:4 | Got a barnacled rune of Zot
 46361 | Shoals:4 | Reached XP level 21. HP: 144/144 MP: 34/34
 46376 | Shoals:4 | Identified the +5 gold dragon scales of the Endless Expanse
                  | {Harm rPois rF+ rC+}
 47480 | Shoals:1 | Killed Amuaxidi's ghost
 49920 | Vaults:3 | Reached skill level 15 in Maces & Flails
 50104 | Vaults:3 | Noticed Aizul
 50126 | Vaults:3 | Killed Aizul
 50381 | Vaults:3 | You fall into a shaft and drop 1 floor!
 51164 | Vaults:3 | Found a staircase to the Crypt.
 51534 | Vaults:4 | Found Fourr's Assorted Antiques.
 51554 | Vaults:4 | Bought a notched bone ring for 150 gold pieces
 52251 | Vaults:4 | Reached XP level 22. HP: 152/152 MP: 36/36
 53335 | Depths:1 | Entered Level 1 of the Depths
 53386 | Depths:1 | Gained mutation: Your spells are easier to cast, but less
                  | powerful. [a shining eye]
 53388 | Depths:1 | Gained mutation: Your mind is acute. (Int +2) [a shining
                  | eye]
 53536 | Depths:1 | Found a one-way gate to the infinite horrors of the Abyss.
 53552 | Depths:1 | Found a gateway to Hell.
 53559 | Depths:1 | Noticed Nikola
 53642 | Depths:1 | Killed Nikola
 54300 | Depths:1 | Found a runed translucent door.
 54756 | Depths:2 | Paralysed by a floating eye for 2 turns
 54763 | Depths:2 | Paralysed by a floating eye for 2 turns
 54975 | Depths:2 | Reached XP level 23. HP: 150/158 MP: 37/37
 55170 | Depths:2 | Found a gateway to a ziggurat.
 56342 | Depths:2 | Found a runed translucent door.
 56410 | Depths:2 | Found a runed translucent door.
 56411 | Depths:2 | Noticed an ancient lich
 56712 | Depths:3 | Found Vofyxkakh's One-of-a-Kind Books.
 56717 | Depths:3 | Found a one-way gate leading to the halls of Pandemonium.
 56718 | Depths:3 | You fall into a shaft and drop 2 floors!
 56718 | Depths:5 | Entered Level 5 of the Depths
 56807 | Depths:4 | Reached XP level 24. HP: 166/166 MP: 38/38
 57346 | Depths:3 | Identified the ring "Xesch" {rC+ SInv} (You found it on
                  | level 3 of the Depths)
 59058 | Depths:4 | Noticed Mennas
 59093 | Depths:4 | Killed Mennas
 59242 | Depths:4 | Reached XP level 25. HP: 173/173 MP: 38/38
 60679 | Depths:5 | Found a gate to the Realm of Zot.
 61000 | Depths:5 | Found a corrupted altar of Lugonu.
 61676 | D:13     | Killed Kokhlaf's ghost
 61862 | Elf:1    | Entered Level 1 of the Elven Halls
 61986 | Elf:1    | Noticed Jorgrun
 61996 | Elf:1    | Killed Jorgrun
 62593 | Elf:1    | Found Apheffe's Jewellery Boutique.
 62630 | Elf:1    | Reached XP level 26. HP: 180/180 MP: 38/38
 63425 | Elf:2    | Found Naaxkurch's Gadget Boutique.
 63862 | Elf:2    | Found a huge runed translucent gate.
 63862 | Elf:2    | Found a huge runed translucent gate.
 63867 | Elf:2    | Found a huge runed translucent gate.
 63868 | Elf:2    | Found a huge runed translucent gate.
 64003 | Elf:2    | Found a huge runed translucent gate.
 64523 | Elf:3    | Entered Level 3 of the Elven Halls
 65270 | Elf:3    | Identified the +6 quarterstaff of Dishonour {flame, +Inv
                  | rElec Int-3}
 65361 | Elf:3    | Identified the Disquisition on Bewitchment
 65412 | Elf:3    | Found the +9 scales of the Dragon King {rPois rF+ rC+ MR+}
 65430 | Elf:3    | Identified the Tome of the Blaze and Contamination
 65432 | Elf:3    | Identified the Collected Works on Displaced Bewitchment
 65437 | Elf:3    | Identified the Catalogue of Combat Magic
 65445 | Elf:3    | Identified the Collected Works on Conjuration
 66630 | Vaults:5 | Entered Level 5 of the Vaults
 67298 | Vaults:5 | Reached XP level 27. HP: 188/188 MP: 27/39
 67443 | Vaults:5 | Identified the +7 short sword of Vissum {drain, Dex+4}
 67443 | Vaults:5 | Identified the +5 ring mail of Vexation {rC+}
 67800 | Vaults:5 | Identified the ring "Xoc Zada" {MR+ Str+2 Int-3 Dex+6}
 67889 | Vaults:5 | Got a silver rune of Zot
 68147 | Vaults:5 | Identified the amulet "Haakuicoe" {Acrobat *Drain rF++
                  | Int+4}
 68518 | Vaults:5 | Got a glittering steel ring
 68520 | Vaults:5 | Identified the ring "Anlirach" {rPois rC+ rN+ Int+5} (You
                  | found it on level 5 of the Vaults)
 68663 | Vaults:5 | Found the +7 sceptre of Torment {pain, torment}
 69913 | Depths:1 | Voluntarily entered the Abyss.
 69913 | Abyss:1  | Found a corrupted altar of Lugonu.
 69923 | Abyss:1  | Noticed an ancient lich
 70144 | Abyss:1  | Found a transporter.
 70147 | Abyss:1  | Found a transporter.
 70147 | Abyss:1  | Found a corrupted altar of Lugonu.
 70150 | Abyss:1  | Got a twitching marble ring
 70272 | Abyss:1  | Identified the ring "Ylaptuta" {Wiz +Inv} (You found it on
                  | level 1 of the Abyss)
 70280 | Abyss:1  | Found a transporter.
 70790 | Abyss:1  | Gained mutation: You do not regenerate when monsters are
                  | visible. [a neqoxec]
 70791 | Abyss:1  | Gained mutation: Your body often deteriorates upon taking
                  | damage. [a neqoxec]
 70882 | Abyss:1  | Gained mutation: You are clumsy. (Dex -2) [a neqoxec]
 70903 | Depths:1 | Escaped the Abyss
 71265 | Slime:1  | Entered Level 1 of the Pits of Slime
 71322 | Slime:1  | Gained mutation: Scrolls take you a little longer to read.
                  | [a shining eye]
 73440 | Zot:1    | Entered Level 1 of the Realm of Zot
 74088 | Zot:1    | Identified the +4 dragonskin cloak
 74088 | Zot:1    | Noticed Tiamat
 74249 | Zot:1    | Killed Tiamat
 75807 | Zot:4    | Got a bloodstained plate armour
 75824 | Zot:4    | Identified the cursed +0 plate armour "Empaoqit" {+Fly
                  | rPois Str+5 Dex-3} (You found it on level 4 of the Realm of
                  | Zot)
 76374 | Zot:5    | Entered Level 5 of the Realm of Zot
 77304 | Zot:5    | Noticed an orb of fire
 77306 | Zot:5    | Noticed an orb of fire
 77314 | Zot:5    | Noticed an orb of fire
 77315 | Zot:5    | Gained mutation: You are very clumsy. (Dex -4) [an orb of
                  | fire]
 77317 | Zot:5    | Noticed an orb of fire
 77318 | Zot:5    | Noticed an orb of fire
 77325 | Zot:5    | Lost mutation: Your mind is acute. (Int +2) [an orb of
                  | fire]
 77339 | Zot:4    | Killed an orb of fire
 77488 | Zot:5    | Gained mutation: Armour fits poorly on your strangely
                  | shaped body. [an orb of fire]
 77490 | Zot:5    | Gained mutation: Your magical capacity is low. (-10% MP)
                  | [an orb of fire]
 77520 | Zot:4    | Gained mutation: You are weak. (Str -2) [an orb of fire]
 77526 | Zot:4    | Killed an orb of fire
 77823 | Zot:4    | Gained mutation: You are very weak. (Str -4) [an orb of
                  | fire]
 77824 | Zot:4    | Killed an orb of fire
 77826 | Zot:5    | Gained mutation: You are dopey. (Int -2) [an orb of fire]
 77826 | Zot:5    | Noticed an ancient lich
 77827 | Zot:5    | Gained mutation: Your magical capacity is very low. (-20%
                  | MP) [an orb of fire]
 77837 | Zot:4    | Gained mutation: You occasionally shout uncontrollably at
                  | your foes. [an orb of fire]
 77841 | Zot:4    | Gained mutation: You are very dopey. (Int -4) [an orb of
                  | fire]
 77844 | Zot:4    | Killed an orb of fire
 77860 | Zot:4    | Gained mutation: You sometimes yell uncontrollably at your
                  | foes. [an orb of fire]
 77882 | Zot:4    | Gained mutation: You frequently scream uncontrollably at
                  | your foes. [an orb of fire]
 77888 | Zot:4    | Killed an orb of fire
 78089 | Zot:4    | Killed an ancient lich
 78368 | Zot:5    | Noticed an ancient lich
 78703 | Zot:5    | Killed an ancient lich
 78843 | Zot:5    | Noticed an ancient lich
 78861 | Zot:5    | Killed an ancient lich
 78862 | Zot:5    | Noticed an ancient lich
 78885 | Zot:5    | Killed an ancient lich
 78912 | Zot:5    | Reached skill level 27 in Invocations
 78950 | Zot:5    | Noticed an ancient lich
 78967 | Zot:5    | Killed an ancient lich
 78979 | Zot:5    | Noticed an ancient lich
 78988 | Zot:5    | Killed an ancient lich
 79193 | Zot:5    | Gained mutation: You are frail. (-10% HP) [mutagenic glow]
 79194 | Zot:5    | Noticed an ancient lich
 79236 | Zot:5    | Killed an ancient lich
 79253 | Zot:5    | Gained mutation: Your spells are much easier to cast, but
                  | much less powerful. [mutagenic glow]
 79311 | Zot:5    | Gained mutation: You are very frail. (-20% HP) [mutagenic
                  | glow]
 79388 | Zot:5    | Noticed an ancient lich
 79422 | Zot:5    | Killed an ancient lich
 79831 | Zot:5    | Reached skill level 27 in Fighting
 80144 | Zot:5    | Got the Orb of Zot
 80231 | Zot:4    | Noticed Turag the pandemonium lord
 80231 | Zot:4    | Noticed an ancient lich
 81322 | D:1      | Noticed Fitzot the pandemonium lord
 81330 | D:$      | Escaped with the Orb!

Illustrated notes

Levels and vault maps discovered:
D:1:      lemuel_arrival_funnel, layout_basic
D:2:      layout_basic, serial_corexii_hall, corexii_hall_statues_deadend,
          chequers_hall_statues_corner_a, chequers_serial_rivers_small_a,
          minivault_27
D:3:      layout_basic, first_ration, ashenzari_altar_1, uniq_natasha,
          uniq_terence
D:4:      layout_basic, minmay_temple_entry_statues_fountains, serial_shops,
          nicolae_shop_trees, ebering_ghost_sewer_d, elyvilon_altar_3
D:5:      layout_loops_ring, basic_altar
D:6:      layout_loops_cross, lightli_ossuary_entry_decrepit_ruins, uniq_pikel,
          uniq_maggie
D:7:      layout_basic, uniq_crazy_yiuf_cottage, uniq_harold
D:8:      minmay_distorted_concentric_squares, layout_gridville,
          old_standard_altar, dpeg_oklobed_lair, hangedman_pestilent_swarm,
          kennysheep_generic_room_4
D:9:      minmay_gate_of_8, layout_irregular_city, zombieorc1_lemuel,
          serial_shops, shop, serial_rivers, chequers_serial_rivers_micro_e,
          chequers_serial_rivers_room_b, chequers_serial_rivers_room_b,
          chequers_serial_rivers_small_b, chequers_serial_rivers_small_b,
          chequers_serial_rivers_room_b
D:10:     layout_irregular_city, uniq_urug
D:11:     layout_roguey, corexii_hall_statues_u, minmay_door_square
D:12:     layout_basic, enter_trove_6, serial_shops, shop
D:13:     layout_small_grid, erik_vaults_2, gammafunk_ghost_hydra_chop,
          minmay_guarded_unrand_vampires_tooth
D:14:     layout_long_grid, nicolae_dithmenos_through_a_glass_darkly
D:15:     hangedman_depths_entry_civil_slaughter, layout_long_grid,
          cheibriados_altar_1, nicolae_wwwww
Temple:   minmay_crystal_snake_temple
Lair:1:   layout_roguey, minmay_lair_oklob_chamber, serial_bayou_shore_a
Lair:2:   layout_layer_cave, guppyfry_snake_entry_island
Lair:3:   layout_cave_pods
Lair:4:   layout_hall_layers, minmay_shoals_entry_lonely_mermaid,
          cheibrodos_lair_reptile_den
Lair:5:   layout_gridlike, nicolae_slime_entry_slimehenge, uniq_snorg
Lair:6:   minmay_lair_end_enchanted_forest, layout_regular_city,
          lemuel_fruit_fields, uniq_josephine
Shoals:1: layout_shoals, gammafunk_ghost_arena, uniq_donald, uniq_roxanne
Shoals:2: layout_shoals, serial_shops, nicolae_shop_trees, shop, shop
Shoals:3: layout_shoals, kb_tengu_band
Shoals:4: shoals_end_simple, layout_shoals, abandoned_shop
Snake:1:  layout_cave_pods, serial_shops, shop, nicolae_shop_statue_plus
Snake:2:  layout_rooms, uniq_frances
Snake:3:  layout_basic, serial_shops, shop
Snake:4:  snake_pit, layout_misc_corridors, serial_shops,
          nicolae_shop_temple_entry_statues_fountains
Slime:1:  layout_caves
Orc:1:    layout_diamond_mine
Orc:2:    kennysheep_orc_mage_school, layout_caves
Elf:1:    elf_arrival_002, layout_loops_corners, serial_shops, shop,
          kennysheep_underground_church, uniq_jorgrun
Elf:2:    layout_geoelf_diagonals, serial_shops, shop
Elf:3:    minmay_elf_hall_circle, layout_rooms
Vaults:1: nicolae_vaults_arrows, ontoclasm_vaults_ring_square,
          vaults_dpeg_encased_lava, nicolae_vaults_yaktaur_gun_rack, v_misc_31,
          ontoclasm_vaults_eye, ontoclasm_vaults_shout,
          nicolae_vaults_bisected_exclaves, vaults_room_stairs_pillars,
          nicolae_vaults_alarming, layout_vaults_big_cross, uniq_asterion
Vaults:2: hangedman_vaults_river_flow, dpeg_vaults_monster_box, v_alt_pattern_5,
          nicolae_vaults_little_squares_2, nicolae_vaults_little_squares_1,
          v_misc_10, layout_vaults_chaotic_city, infiniplex_enter_wizlab_glasses
Vaults:3: minmay_crypt_entry_simple_box, v_misc_3, v_misc_17,
          ontoclasm_vaults_tryst, v_misc_10, grunt_vaults_diagonal,
          ontoclasm_vaults_gateway, v_misc_26, grunt_vaults_twisty,
          nicolae_vaults_theta, layout_vaults_quadrants, uniq_aizul
Vaults:4: hangedman_vaults_pinch, ontoclasm_vaults_shuriken, v_pattern_2,
          vaults_room_fours, vaults_room_grid, nicolae_vaults_octagons,
          dpeg_vaults_monster_row, nicolae_vaults_network_s,
          nicolae_vaults_gold_heap, nicolae_vaults_little_squares_1,
          vaults_mumra_hex, vaults_dpeg_cross, v_misc_16,
          nicolae_vaults_rhombus_5, nicolae_vaults_little_squares_1,
          layout_vaults_maze_snakey, serial_shops, shop
Vaults:5
Depths:1: layout_gridlike, minmay_misc_feat_ornament, hell_entry, abyss_entry,
          minmay_acid_items, uniq_nikola
Depths:2: cheibrodos_witchhunters_guild, layout_cave_shapes, enter_ziggurat_e,
          hell_entry, minmay_misc_feat_enclosed, minmay_misc_feat_tiny,
          corexii_corridor_pit, library_closet, infiniplex_staircase_pillars_2,
          serial_bayou_shore_b
Depths:3: evilmike_horseshoe, layout_cave_pools, pan_entry, grunt_decor_cap,
          hell_entry, nicolae_rare_books
Depths:4: hangedman_box_tower, layout_basic, hell_entry, abyss_entry,
          minmay_misc_feat_encased, uniq_mennas
Depths:5: grunt_zot_entry_funnels, layout_cave_pools,
          hangedman_decor_diamond_cutter, lightli_too_deep,
          abyss_entry_flame_altar
Zot:1:    nicolae_moth_party, layout_misc_corridors, uniq_tiamat
Zot:2:    layout_gridlike, grunt_megastairs_2
Zot:3:    layout_gridlike, grunt_megastairs_3
Zot:4:    layout_onion_interference
Zot:5:    layout_basic, st_stairs_14

Skill      XL: |  1  2  3  4  5  6  7  8  9 10 11 12 13 14 15 16 17 18 19 20 21 22 23 24 25 26 27 |
---------------+----------------------------------------------------------------------------------+-----
Armour         | 4 5 6 8 9 10 12 14 15 17 18 19 20 21 25 | 25.0
Maces & Flails | 3 4 5 7 9 10 11 12 13 14 15 16 | 16.0
Fighting       | 4 5 7 8 10 11 12 13 15 16 17 18 19 20 21 22 23 27 | 27.0
Invocations    | 3 6 8 10 11 14 15 17 18 19 20 21 22 23 24 27 | 27.0
Shields        | 5 6 8 10 12 14 15 17 19 21 23 24 | 24.0
Evocations     | 3 4 |  4.5

Action                   |  1- 3 |  4- 6 |  7- 9 | 10-12 | 13-15 | 16-18 | 19-21 | 22-24 | 25-27 || total
-------------------------+-------+-------+-------+-------+-------+-------+-------+-------+-------++-------
Melee: Flail             |   130 |   183 |   268 |       |       |       |       |       |       ||   581
       Whip              |       |       |   124 |  1074 |       |       |       |       |       ||  1198
       Morningstar       |       |       |       |   109 |  1817 |  1976 |   958 |  1973 |  4013 || 10846
       Demon whip        |       |       |       |       |       |    64 |  1927 |       |       ||  1991
Invok: Minor Destruction |       |       |       |       |     2 |     3 |     4 |       |     1 ||    10
       Major Destruction |       |       |       |       |     1 |     4 |     2 |       |     6 ||    13
       Greater Servant o |       |       |       |       |       |     4 |     2 |     2 |     4 ||    12
 Abil: Fly               |       |       |       |       |       |     1 |     1 |       |     2 ||     4
       Stop Flying       |       |       |       |       |       |     1 |     1 |       |     1 ||     3
Evoke: Wand              |       |       |       |       |     3 |     1 |       |       |       ||     4
  Use: Scroll            |       |       |       |    23 |     9 |     9 |    10 |     6 |    17 ||    74
       Potion            |       |       |       |       |       |     2 |     7 |       |    16 ||    25
 Stab: Distracted        |       |       |       |     2 |       |       |       |     2 |     1 ||     5
       Confused          |       |       |       |       |       |     1 |       |       |     1 ||     2
  Eat: Chunk             |     1 |     8 |    10 |    30 |    33 |    27 |    17 |    20 |    28 ||   174
       Ration            |       |     1 |       |     1 |       |     5 |    11 |       |    16 ||    34
Armor: Scale mail        |    63 |    25 |       |       |       |       |       |       |       ||    88
       Chain mail        |       |    71 |   228 |   392 |   752 |   591 |       |       |       ||  2034
       Skin              |       |       |       |       |     2 |       |       |       |       ||     2
       Plate armour      |       |       |       |       |       |   423 |  1295 |   769 |   467 ||  2954
       Gold dragon scale |       |       |       |       |       |       |       |       |  1529 ||  1529
Dodge: Dodged            |    46 |    54 |    76 |   216 |   469 |   369 |   548 |   214 |   485 ||  2477
Block: Kite shield       |    80 |    93 |   140 |   354 |  1056 |  1943 |  2115 |       |       ||  5781
       Reflection        |       |       |       |       |    25 |   224 |    88 |   104 |   165 ||   606
       Tower shield      |       |       |       |       |       |       |   255 |  2145 |  4783 ||  7183
